1918 views
Uploaded 2023-01-07 15:22:38
Game version 1.32.10
24:25 long 4on4 ladder game on (8)TwilightRuins_LV
Saved by DKnight
1918 views
Uploaded 2023-01-07 15:22:38
Game version 1.32.10
24:25 long 4on4 ladder game on (8)TwilightRuins_LV

139 units @ 21.4k
/ 3.4k
95 buildings @ 12.6k
/ 4.8k

| Scroll of Regeneration | 4 | 400 |
| Lesser Clarity Potion | 1 | 70 |
| Staff of Sanctuary | 1 | 250 |
| Scroll of Town Portal | 2 | 700 |
| total: | 8 | 1420g |
| Peasant | 31 | 2325 | / | 0 |
| Footman | 7 | 945 | / | 0 |
| Rifleman | 13 | 2665 | / | 390 |
| Mortar Team | 2 | 360 | / | 140 |
| total: | 53 | 6295g | / | 530w |
| Scout Tower | 15 | 450 | / | 300 |
| Arcane Tower | 5 | 350 | / | 250 |
| Guard Tower | 8 | 560 | / | 400 |
| Altar of Kings | 1 | 180 | / | 50 |
| Farm | 9 | 720 | / | 180 |
| Barracks | 2 | 320 | / | 120 |
| Arcane Vault | 6 | 780 | / | 180 |
| Lumber Mill | 1 | 120 | / | 0 |
| Blacksmith | 1 | 140 | / | 60 |
| Town Hall | 1 | 385 | / | 205 |
| Workshop | 3 | 420 | / | 420 |
| Keep | 1 | 320 | / | 210 |
| Castle | 1 | 360 | / | 210 |
| total: | 39 | 3515g | / | 1515w |
| 0:04 | Peasant |
| 0:04 | Peasant |
| 0:04 | Peasant |
| 0:04 | Peasant |
| 0:18 | Altar of Kings |
| 0:21 | Farm |
| 0:23 | Farm |
| 0:42 | Barracks |
| 0:52 | Peasant |
| 1:05 | Peasant |
| 1:05 | Peasant |
| 1:12 | Peasant |
| 1:34 | Farm |
| 1:45 | Footman |
| 1:50 | Scout Tower |
| 1:53 | Footman |
| 2:07 | Footman |
| 2:16 | Arcane Tower |
| 2:26 | Flame Strike |
| 2:27 | Footman |
| 2:38 | Peasant |
| 2:40 | Peasant |
| 3:04 | Farm |
| 3:10 | Footman |
| 3:15 | Arcane Vault |
| 3:47 | Peasant |
| 3:47 | Peasant |
| 3:47 | Peasant |
| 4:08 | Siphon Mana |
| 4:25 | Peasant |
| 4:25 | Peasant |
| 4:37 | Scroll of Regeneration |
| 4:37 | Scroll of Regeneration |
| 4:39 | Lesser Clarity Potion |
| 5:38 | Footman |
| 5:47 | Lumber Mill |
| 5:49 | Scout Tower |
| 5:52 | Blacksmith |
| 6:06 | Scout Tower |
| 6:11 | Scout Tower |
| 6:18 | Footman |
| 6:51 | Guard Tower |
| 6:52 | Guard Tower |
| 6:54 | Improved Lumber Harvesting |
| 7:46 | Rifleman |
| 8:16 | Rifleman |
| 8:21 | Keep |
| 8:23 | Arcane Vault |
| 8:36 | Barracks |
| 8:44 | Rifleman |
| 8:46 | Black Gunpowder |
| 9:08 | Scout Tower |
| 9:11 | Scout Tower |
| 9:13 | Improved Masonry |
| 9:29 | Rifleman |
| 9:39 | Guard Tower |
| 10:03 | Farm |
| 10:50 | Long Rifles |
| 10:54 | Flame Strike |
| 11:05 | Town Hall |
| 11:06 | Scout Tower |
| 11:07 | Scout Tower |
| 11:09 | Scout Tower |
| 11:09 | Scout Tower |
| 11:15 | Rifleman |
| 11:41 | Arcane Tower |
| 11:42 | Guard Tower |
| 12:43 | Peasant |
| 12:43 | Peasant |
| 13:12 | Arcane Tower |
| 13:13 | Guard Tower |
| 13:14 | Peasant |
| 13:14 | Peasant |
| 13:14 | Peasant |
| 13:21 | Peasant |
| 13:26 | Peasant |
| 13:48 | Scout Tower |
| 13:52 | Scout Tower |
| 13:53 | Scout Tower |
| 14:00 | Rifleman |
| 14:08 | Peasant |
| 14:08 | Peasant |
| 14:08 | Peasant |
| 14:24 | Arcane Tower |
| 14:26 | Arcane Tower |
| 14:27 | Guard Tower |
| 14:29 | Rifleman |
| 14:38 | Siphon Mana |
| 14:40 | Rifleman |
| 14:49 | Workshop |
| 15:05 | Workshop |
| 15:08 | Workshop |
| 15:26 | Arcane Vault |
| 15:28 | Castle |
| 15:35 | Guard Tower |
| 15:37 | Advanced Lumber Harvesting |
| 15:55 | Scroll of Town Portal |
| 16:48 | Rifleman |
| 18:17 | Scout Tower |
| 18:18 | Scout Tower |
| 18:20 | Fragmentation Shards |
| 18:21 | Flare |
| 18:22 | Rifleman |
| 18:25 | Farm |
| 18:28 | Peasant |
| 18:28 | Peasant |
| 18:33 | Scroll of Regeneration |
| 18:33 | Scroll of Regeneration |
| 19:24 | Guard Tower |
| 19:55 | Rifleman |
| 19:56 | Mortar Team |
| 19:56 | Mortar Team |
| 19:59 | Peasant |
| 19:59 | Peasant |
| 19:59 | Peasant |
| 20:18 | Rifleman |
| 20:43 | Farm |
| 21:07 | Arcane Vault |
| 21:20 | Arcane Vault |
| 21:29 | Flame Strike |
| 21:32 | Studded Leather Armor |
| 21:46 | Rifleman |
| 21:49 | Farm |
| 21:52 | Peasant |
| 22:02 | Scroll of Town Portal |
| 22:25 | Staff of Sanctuary |
| 22:40 | Farm |
| 23:37 | Arcane Vault |
| Select group | 980 |
| Right click | 971 |
| Select | 358 |
| Build/train/purchase | 110 |
| Chat | 72 |
| Use ability | 52 |
| Assign group | 37 |
| Minimap ping | 23 |
| Misc. action | 17 |
| Esc | 6 |
| Remove unit | 1 |


| Rod of Necromancy | 2 | 300 |
| Orb of Corruption | 1 | 375 |
| total: | 3 | 675g |
| Acolyte | 4 | 300 | / | 0 |
| Ghoul | 4 | 480 | / | 0 |
| Crypt Fiend | 4 | 860 | / | 160 |
| Frost Wyrm | 5 | 1925 | / | 600 |
| total: | 17 | 3565g | / | 760w |
| Nerubian Tower | 2 | 200 | / | 40 |
| Spirit Tower | 7 | 1015 | / | 280 |
| Ziggurat | 11 | 1650 | / | 550 |
| Crypt | 1 | 200 | / | 50 |
| Altar of Darkness | 1 | 180 | / | 50 |
| Graveyard | 1 | 215 | / | 0 |
| Tomb of Relics | 3 | 390 | / | 90 |
| Sacrificial Pit | 1 | 75 | / | 150 |
| Boneyard | 2 | 350 | / | 400 |
| Halls of the Dead | 1 | 320 | / | 210 |
| Black Citadel | 1 | 325 | / | 230 |
| total: | 20 | 3060g | / | 1290w |
| 0:23 | Acolyte |
| 0:24 | Acolyte |
| 0:38 | Ziggurat |
| 0:48 | Crypt |
| 0:57 | Altar of Darkness |
| 1:21 | Graveyard |
| 1:38 | Tomb of Relics |
| 1:49 | Ghoul |
| 2:02 | Ziggurat |
| 2:12 | Ghoul |
| 2:23 | Nerubian Tower |
| 2:44 | Crypt Fiend |
| 3:03 | Impale |
| 3:05 | Rod of Necromancy |
| 3:38 | Crypt Fiend |
| 3:54 | Crypt Fiend |
| 4:25 | Rod of Necromancy |
| 4:34 | Ziggurat |
| 4:46 | Crypt Fiend |
| 5:08 | Spiked Carapace |
| 5:26 | Spirit Tower |
| 6:25 | Ghoul |
| 6:25 | Ghoul |
| 6:35 | Creature Attack |
| 6:36 | Creature Carapace |
| 6:41 | Tomb of Relics |
| 6:44 | Ziggurat |
| 6:46 | Ziggurat |
| 6:55 | Halls of the Dead |
| 8:46 | Spiked Carapace |
| 9:09 | Ziggurat |
| 9:20 | Nerubian Tower |
| 9:21 | Spirit Tower |
| 10:27 | Death Coil |
| 10:34 | Ziggurat |
| 10:35 | Ziggurat |
| 10:36 | Ziggurat |
| 10:40 | Tomb of Relics |
| 10:44 | Improved Creature Attack |
| 10:45 | Improved Creature Carapace |
| 11:02 | Web |
| 11:42 | Spirit Tower |
| 11:43 | Spirit Tower |
| 11:45 | Spirit Tower |
| 11:48 | Sacrificial Pit |
| 11:50 | Acolyte |
| 11:51 | Acolyte |
| 12:45 | Black Citadel |
| 13:52 | Spirit Tower |
| 15:18 | Boneyard |
| 15:20 | Boneyard |
| 15:33 | Unholy Aura |
| 15:59 | Advanced Creature Carapace |
| 16:00 | Advanced Creature Attack |
| 16:02 | Ziggurat |
| 16:50 | Frost Wyrm |
| 17:44 | Frost Wyrm |
| 17:46 | Freezing Breath |
| 17:52 | Ziggurat |
| 18:21 | Orb of Corruption |
| 19:05 | Impale |
| 19:16 | Frost Wyrm |
| 20:15 | Unholy Aura |
| 20:34 | Frost Wyrm |
| 20:52 | Spirit Tower |
| 22:23 | Frost Wyrm |
| Select group | 537 |
| Right click | 530 |
| Select | 235 |
| Build/train/purchase | 58 |
| Chat | 36 |
| Use ability | 21 |
| Assign group | 14 |
| Item give/drop | 2 |
| Misc. action | 1 |

| Rod of Necromancy | 1 | 150 |
| Sacrificial Skull | 1 | 50 |
| Potion of Healing | 2 | 300 |
| Orb of Corruption | 1 | 375 |
| Dust of Appearance | 2 | 150 |
| Scroll of Town Portal | 2 | 700 |
| Scroll of Healing | 1 | 250 |
| total: | 10 | 1975g |
| Acolyte | 12 | 900 | / | 0 |
| Ghoul | 6 | 720 | / | 0 |
| Frost Wyrm | 8 | 3080 | / | 960 |
| Gargoyle | 5 | 875 | / | 150 |
| total: | 31 | 5575g | / | 1110w |
| Nerubian Tower | 2 | 200 | / | 40 |
| Spirit Tower | 7 | 1015 | / | 280 |
| Ziggurat | 10 | 1500 | / | 500 |
| Altar of Darkness | 1 | 180 | / | 50 |
| Crypt | 1 | 200 | / | 50 |
| Tomb of Relics | 1 | 130 | / | 30 |
| Graveyard | 1 | 215 | / | 0 |
| Necropolis | 5 | 1125 | / | 0 |
| Sacrificial Pit | 1 | 75 | / | 150 |
| Boneyard | 2 | 350 | / | 400 |
| Halls of the Dead | 1 | 320 | / | 210 |
| Black Citadel | 1 | 325 | / | 230 |
| total: | 22 | 3775g | / | 1180w |
| 0:04 | Acolyte |
| 0:05 | Acolyte |
| 0:05 | Acolyte |
| 0:15 | Ziggurat |
| 0:20 | Altar of Darkness |
| 0:43 | Crypt |
| 0:57 | Tomb of Relics |
| 1:14 | Ziggurat |
| 1:33 | Graveyard |
| 1:49 | Ghoul |
| 1:50 | Ghoul |
| 2:03 | Ghoul |
| 2:13 | Ghoul |
| 2:26 | Carrion Beetles |
| 2:34 | Ghoul |
| 2:34 | Ghoul |
| 2:52 | Ziggurat |
| 3:24 | Halls of the Dead |
| 3:35 | Ziggurat |
| 4:01 | Ziggurat |
| 4:30 | Spiked Carapace |
| 4:43 | Ziggurat |
| 4:45 | Creature Attack |
| 4:46 | Creature Carapace |
| 5:20 | Rod of Necromancy |
| 6:16 | Black Citadel |
| 6:20 | Sacrificial Pit |
| 6:45 | Carrion Beetles |
| 7:10 | Necropolis |
| 8:20 | Nerubian Tower |
| 8:22 | Spirit Tower |
| 8:23 | Spirit Tower |
| 8:24 | Spirit Tower |
| 8:29 | Spirit Tower |
| 8:41 | Acolyte |
| 8:50 | Spirit Tower |
| 8:56 | Boneyard |
| 9:02 | Boneyard |
| 9:46 | Necropolis |
| 10:06 | Necropolis |
| 10:34 | Sacrificial Skull |
| 10:42 | Frost Wyrm |
| 11:15 | Necropolis |
| 11:40 | Potion of Healing |
| 11:43 | Dust of Appearance |
| 12:07 | Acolyte |
| 12:15 | Improved Creature Attack |
| 12:16 | Frost Wyrm |
| 13:20 | Necropolis |
| 13:25 | Ziggurat |
| 14:13 | Spiked Carapace |
| 14:38 | Frost Wyrm |
| 14:47 | Spiked Carapace |
| 15:14 | Potion of Healing |
| 15:32 | Acolyte |
| 15:32 | Acolyte |
| 15:33 | Acolyte |
| 15:33 | Acolyte |
| 15:33 | Acolyte |
| 15:48 | Nerubian Tower |
| 15:56 | Ziggurat |
| 16:19 | Scroll of Town Portal |
| 16:49 | Frost Wyrm |
| 17:06 | Spirit Tower |
| 17:11 | Acolyte |
| 17:11 | Acolyte |
| 17:41 | Ziggurat |
| 17:50 | Freezing Breath |
| 18:11 | Advanced Creature Attack |
| 18:57 | Frost Wyrm |
| 19:05 | Scroll of Town Portal |
| 19:06 | Orb of Corruption |
| 19:14 | Dust of Appearance |
| 19:21 | Spirit Tower |
| 20:30 | Frost Wyrm |
| 20:31 | Locust Swarm |
| 20:46 | Gargoyle |
| 20:47 | Gargoyle |
| 20:47 | Gargoyle |
| 21:09 | Ziggurat |
| 21:49 | Frost Wyrm |
| 22:46 | Gargoyle |
| 22:47 | Gargoyle |
| 23:19 | Frost Wyrm |
| 23:52 | Scroll of Healing |
| Assign group | 1452 |
| Select group | 359 |
| Right click | 323 |
| Select | 262 |
| Build/train/purchase | 83 |
| Use ability | 15 |
| Item give/drop | 3 |
| Misc. action | 1 |
| Remove unit | 1 |
| Minimap ping | 1 |


| Rod of Necromancy | 3 | 450 |
| Potion of Healing | 2 | 300 |
| Lesser Clarity Potion | 1 | 70 |
| Orb of Corruption | 1 | 375 |
| Dust of Appearance | 1 | 75 |
| Scroll of Town Portal | 2 | 700 |
| total: | 10 | 1970g |
| Acolyte | 15 | 1125 | / | 0 |
| Ghoul | 2 | 240 | / | 0 |
| Crypt Fiend | 13 | 2795 | / | 520 |
| Obsidian Statue | 3 | 600 | / | 105 |
| Abomination | 5 | 1200 | / | 350 |
| total: | 38 | 5960g | / | 975w |
| Nerubian Tower | 2 | 200 | / | 40 |
| Spirit Tower | 2 | 290 | / | 80 |
| Crypt | 1 | 200 | / | 50 |
| Graveyard | 1 | 215 | / | 0 |
| Altar of Darkness | 1 | 180 | / | 50 |
| Ziggurat | 6 | 900 | / | 300 |
| Tomb of Relics | 1 | 130 | / | 30 |
| Necropolis | 1 | 225 | / | 0 |
| Slaughterhouse | 2 | 280 | / | 270 |
| Sacrificial Pit | 1 | 75 | / | 150 |
| Halls of the Dead | 2 | 640 | / | 420 |
| Black Citadel | 2 | 650 | / | 460 |
| total: | 14 | 2205g | / | 850w |
| 0:02 | Acolyte |
| 0:02 | Acolyte |
| 0:08 | Crypt |
| 0:26 | Graveyard |
| 0:49 | Altar of Darkness |
| 0:57 | Ziggurat |
| 1:11 | Ghoul |
| 1:24 | Acolyte |
| 1:41 | Tomb of Relics |
| 1:49 | Ghoul |
| 2:05 | Crypt Fiend |
| 2:21 | Ziggurat |
| 2:49 | Rod of Necromancy |
| 2:55 | Death Coil |
| 3:17 | Acolyte |
| 3:19 | Halls of the Dead |
| 3:31 | Crypt Fiend |
| 3:55 | Crypt Fiend |
| 4:10 | Ziggurat |
| 4:23 | Unholy Aura |
| 4:33 | Crypt Fiend |
| 4:38 | Rod of Necromancy |
| 4:44 | Dust of Appearance |
| 5:10 | Crypt Fiend |
| 6:12 | Slaughterhouse |
| 6:27 | Sacrificial Pit |
| 6:45 | Rod of Necromancy |
| 6:46 | Potion of Healing |
| 6:52 | Frost Nova |
| 6:57 | Ziggurat |
| 7:15 | Creature Attack |
| 7:17 | Crypt Fiend |
| 8:18 | Obsidian Statue |
| 8:34 | Death Coil |
| 8:59 | Black Citadel |
| 9:30 | Lesser Clarity Potion |
| 9:46 | Nerubian Tower |
| 10:22 | Crypt Fiend |
| 11:44 | Acolyte |
| 11:44 | Acolyte |
| 11:46 | Acolyte |
| 12:19 | Destroyer Form |
| 12:20 | Obsidian Statue |
| 13:04 | Crypt Fiend |
| 13:05 | Improved Creature Attack |
| 13:08 | Acolyte |
| 13:08 | Acolyte |
| 13:55 | Acolyte |
| 14:39 | Dark Ritual |
| 15:09 | Spirit Tower |
| 15:58 | Abomination |
| 15:59 | Disease Cloud |
| 16:31 | Crypt Fiend |
| 16:33 | Abomination |
| 16:56 | Crypt Fiend |
| 17:06 | Ziggurat |
| 17:10 | Scroll of Town Portal |
| 17:11 | Orb of Corruption |
| 17:15 | Potion of Healing |
| 17:32 | Web |
| 18:23 | Crypt Fiend |
| 18:36 | Obsidian Statue |
| 18:43 | Acolyte |
| 18:54 | Acolyte |
| 19:21 | Crypt Fiend |
| 20:04 | Death Pact |
| 20:05 | Frost Nova |
| 20:40 | Crypt Fiend |
| 20:41 | Abomination |
| 21:46 | Acolyte |
| 21:46 | Acolyte |
| 21:49 | Necropolis |
| 21:56 | Scroll of Town Portal |
| 21:58 | Abomination |
| 22:02 | Slaughterhouse |
| 22:17 | Abomination |
| 22:18 | Unholy Armor |
| 22:21 | Acolyte |
| 22:35 | Ziggurat |
| Right click | 1198 |
| Select group | 1090 |
| Select | 416 |
| Build/train/purchase | 117 |
| Misc. action | 110 |
| Use ability | 54 |
| Assign group | 51 |
| Chat | 24 |
| Item give/drop | 6 |
| Minimap ping | 4 |
| Remove unit | 1 |
| Esc | 1 |
167 units @ 23.2k
/ 3.4k
86 buildings @ 12.9k
/ 5.8k



| Lesser Clarity Potion | 14 | 980 |
| Healing Salve | 5 | 500 |
| Tiny Great Hall | 1 | 600 |
| Scroll of Speed | 1 | 50 |
| Orb of Lightning | 3 | 1125 |
| Potion of Mana | 5 | 1000 |
| Potion of Healing | 4 | 600 |
| Scroll of Town Portal | 3 | 1050 |
| Hood of Cunning | 1 | 500 |
| Claws of Attack +9 | 2 | 600 |
| Medallion of Courage | 1 | 500 |
| total: | 40 | 7505g |
| Peon | 15 | 1125 | / | 0 |
| Troll Headhunter | 11 | 1540 | / | 220 |
| Troll Berserker | 16 | 2240 | / | 320 |
| Shaman | 8 | 1040 | / | 160 |
| Grunt | 1 | 200 | / | 0 |
| total: | 51 | 6145g | / | 700w |
| Watch Tower | 3 | 330 | / | 240 |
| Altar of Storms | 3 | 540 | / | 150 |
| Orc Burrow | 6 | 960 | / | 240 |
| War Mill | 1 | 205 | / | 0 |
| Barracks | 1 | 180 | / | 50 |
| Voodoo Lounge | 3 | 390 | / | 90 |
| Spirit Lodge | 2 | 300 | / | 300 |
| Stronghold | 1 | 315 | / | 190 |
| Fortress | 1 | 325 | / | 190 |
| total: | 19 | 2905g | / | 1070w |
| 0:02 | Peon |
| 0:02 | Peon |
| 0:06 | Altar of Storms |
| 0:10 | Altar of Storms |
| 0:19 | Orc Burrow |
| 0:22 | Peon |
| 0:35 | Peon |
| 0:48 | War Mill |
| 1:03 | Barracks |
| 1:10 | Peon |
| 1:30 | Peon |
| 1:30 | Peon |
| 1:42 | Orc Burrow |
| 1:50 | Peon |
| 2:06 | Troll Headhunter |
| 2:07 | Feral Spirit |
| 2:17 | Troll Headhunter |
| 2:21 | Peon |
| 2:33 | Troll Headhunter |
| 2:35 | Steel Ranged Weapons |
| 2:50 | Troll Headhunter |
| 3:23 | Stronghold |
| 3:36 | Chain Lighting |
| 3:47 | Troll Headhunter |
| 3:49 | Orc Burrow |
| 4:04 | Troll Headhunter |
| 4:35 | Voodoo Lounge |
| 5:18 | Troll Headhunter |
| 5:30 | Watch Tower |
| 5:31 | Watch Tower |
| 5:33 | Troll Headhunter |
| 5:34 | Steel Armor |
| 6:02 | Feral Spirit |
| 6:11 | Lesser Clarity Potion |
| 6:13 | Healing Salve |
| 6:22 | Reinforced Defenses |
| 6:36 | Troll Regeneration |
| 6:57 | Fortress |
| 6:58 | Shockwave |
| 7:31 | Thorium Ranged Weapons |
| 7:50 | Troll Headhunter |
| 8:14 | Troll Headhunter |
| 8:17 | Orc Burrow |
| 8:34 | Troll Headhunter |
| 8:38 | Watch Tower |
| 8:44 | Lesser Clarity Potion |
| 8:55 | Healing Salve |
| 9:00 | Lesser Clarity Potion |
| 9:29 | Chain Lighting |
| 9:49 | Endurance Aura |
| 10:04 | Tiny Great Hall |
| 10:38 | Arcanite Ranged Weapons |
| 10:47 | Peon |
| 10:55 | Peon |
| 10:55 | Peon |
| 11:00 | Peon |
| 11:06 | Scroll of Speed |
| 11:11 | Lesser Clarity Potion |
| 11:18 | Healing Wave |
| 11:31 | Berserker Upgrade |
| 12:01 | Orc Burrow |
| 12:08 | Scroll of Town Portal |
| 12:12 | Scroll of Town Portal |
| 12:13 | Healing Salve |
| 12:17 | Orb of Lightning |
| 12:22 | Lesser Clarity Potion |
| 12:24 | Potion of Mana |
| 12:49 | Thorium Armor |
| 13:25 | Troll Berserker |
| 13:31 | Spirit Lodge |
| 13:33 | Spirit Lodge |
| 13:38 | Lesser Clarity Potion |
| 13:39 | Lesser Clarity Potion |
| 13:50 | Potion of Mana |
| 14:20 | Lesser Clarity Potion |
| 14:31 | Potion of Healing |
| 14:33 | Orb of Lightning |
| 14:39 | Troll Berserker |
| 15:16 | Troll Berserker |
| 15:16 | Troll Berserker |
| 15:21 | Shaman Adept Training |
| 15:34 | Voodoo Lounge |
| 15:36 | Troll Berserker |
| 15:37 | Altar of Storms |
| 16:09 | Troll Berserker |
| 16:23 | Troll Berserker |
| 16:43 | Shaman Master Training |
| 16:48 | Hex |
| 16:53 | Peon |
| 16:53 | Peon |
| 16:58 | Orb of Lightning |
| 16:58 | Lesser Clarity Potion |
| 17:02 | Lesser Clarity Potion |
| 17:02 | Potion of Mana |
| 17:04 | Potion of Mana |
| 17:19 | Hood of Cunning |
| 17:37 | Feral Spirit |
| 17:53 | Troll Berserker |
| 18:01 | Shaman |
| 18:01 | Shaman |
| 18:06 | Orc Burrow |
| 18:19 | Claws of Attack +9 |
| 18:32 | Troll Berserker |
| 18:48 | Shaman |
| 18:48 | Troll Berserker |
| 19:08 | Troll Berserker |
| 19:09 | Shaman |
| 19:29 | Voodoo Lounge |
| 19:57 | Healing Salve |
| 19:57 | Lesser Clarity Potion |
| 20:17 | Troll Berserker |
| 20:17 | Shaman |
| 20:20 | Potion of Healing |
| 20:22 | Scroll of Town Portal |
| 20:30 | Shockwave |
| 20:37 | Troll Berserker |
| 20:39 | Shaman |
| 20:41 | Healing Salve |
| 21:14 | Lesser Clarity Potion |
| 21:34 | Lesser Clarity Potion |
| 21:45 | Lesser Clarity Potion |
| 21:55 | Shaman |
| 21:58 | Troll Berserker |
| 22:17 | Medallion of Courage |
| 22:23 | Claws of Attack +9 |
| 22:58 | Grunt |
| 22:59 | Troll Berserker |
| 22:59 | Shaman |
| 23:17 | Healing Wave |
| 23:40 | Potion of Healing |
| 23:41 | Potion of Mana |
| 23:49 | Potion of Healing |
| 24:14 | Troll Berserker |
| Right click | 1173 |
| Select | 604 |
| Select group | 563 |
| Build/train/purchase | 176 |
| Use ability | 113 |
| Assign group | 65 |
| Minimap ping | 26 |
| Item give/drop | 10 |
| Chat | 5 |
| Misc. action | 2 |
| Remove unit | 2 |



| Healing Salve | 5 | 500 |
| Scroll of Speed | 3 | 150 |
| Lesser Clarity Potion | 6 | 420 |
| Potion of Healing | 4 | 600 |
| Potion of Mana | 4 | 800 |
| Orb of Lightning | 1 | 375 |
| Scroll of Town Portal | 5 | 1750 |
| total: | 28 | 4595g |
| Peon | 16 | 1200 | / | 0 |
| Troll Headhunter | 6 | 840 | / | 120 |
| Raider | 4 | 720 | / | 160 |
| Troll Berserker | 7 | 980 | / | 140 |
| Shaman | 5 | 650 | / | 100 |
| Wind Rider | 6 | 1590 | / | 240 |
| Troll Batrider | 7 | 1120 | / | 280 |
| Troll Witch Doctor | 1 | 145 | / | 25 |
| Goblin Shredder | 1 | 375 | / | 100 |
| total: | 53 | 7620g | / | 1165w |
| Altar of Storms | 1 | 180 | / | 50 |
| Orc Burrow | 7 | 1120 | / | 280 |
| War Mill | 1 | 205 | / | 0 |
| Barracks | 1 | 180 | / | 50 |
| Voodoo Lounge | 1 | 130 | / | 30 |
| Great Hall | 1 | 385 | / | 185 |
| Beastiary | 2 | 290 | / | 280 |
| Spirit Lodge | 1 | 150 | / | 150 |
| Stronghold | 4 | 1260 | / | 760 |
| Fortress | 1 | 325 | / | 190 |
| total: | 15 | 2640g | / | 1025w |
| 0:02 | Peon |
| 0:02 | Peon |
| 0:05 | Altar of Storms |
| 0:16 | Orc Burrow |
| 0:23 | Peon |
| 0:43 | Peon |
| 0:53 | War Mill |
| 1:04 | Barracks |
| 1:10 | Peon |
| 1:10 | Peon |
| 1:10 | Peon |
| 1:26 | Peon |
| 1:36 | Peon |
| 1:51 | Orc Burrow |
| 2:04 | Feral Spirit |
| 2:06 | Troll Headhunter |
| 2:20 | Troll Headhunter |
| 2:41 | Stronghold |
| 2:59 | Troll Headhunter |
| 3:16 | Troll Headhunter |
| 3:30 | Chain Lighting |
| 3:38 | Voodoo Lounge |
| 3:42 | Troll Headhunter |
| 3:52 | Orc Burrow |
| 4:30 | Troll Headhunter |
| 4:57 | Healing Salve |
| 4:57 | Scroll of Speed |
| 5:02 | Feral Spirit |
| 5:05 | Great Hall |
| 5:07 | Reinforced Defenses |
| 6:00 | Fortress |
| 6:27 | Hex |
| 6:46 | Beastiary |
| 6:48 | Healing Salve |
| 6:48 | Lesser Clarity Potion |
| 6:48 | Scroll of Speed |
| 7:24 | Goblin Shredder |
| 7:40 | Peon |
| 7:41 | Peon |
| 7:41 | Peon |
| 8:10 | Orc Burrow |
| 8:42 | Berserker Upgrade |
| 8:52 | Healing Wave |
| 8:56 | Raider |
| 9:08 | Ensnare |
| 10:03 | Spirit Lodge |
| 10:05 | Troll Berserker |
| 10:13 | Endurance Aura |
| 10:33 | Chain Lighting |
| 10:38 | Troll Berserker |
| 10:39 | Raider |
| 10:40 | Peon |
| 10:40 | Peon |
| 10:41 | Peon |
| 10:44 | Beastiary |
| 12:13 | Shaman |
| 12:13 | Shaman Adept Training |
| 12:22 | Lesser Clarity Potion |
| 12:26 | Lesser Clarity Potion |
| 12:28 | Scroll of Town Portal |
| 12:31 | Potion of Healing |
| 12:31 | Potion of Mana |
| 12:31 | Potion of Mana |
| 12:31 | Orb of Lightning |
| 12:43 | Scroll of Speed |
| 12:44 | Potion of Healing |
| 12:54 | Orc Burrow |
| 12:59 | Healing Salve |
| 12:59 | Healing Salve |
| 13:00 | Lesser Clarity Potion |
| 13:08 | Steel Ranged Weapons |
| 13:09 | Raider |
| 13:11 | Shaman |
| 13:12 | Troll Berserker |
| 13:42 | Pillage |
| 13:42 | Raider |
| 14:15 | Shaman Master Training |
| 14:15 | Shaman |
| 15:05 | Troll Berserker |
| 15:05 | Troll Berserker |
| 15:06 | Wind Rider |
| 15:06 | Envenomed Spears |
| 15:19 | Scroll of Town Portal |
| 15:20 | Shaman |
| 15:22 | Troll Berserker |
| 15:39 | Potion of Healing |
| 15:39 | Potion of Healing |
| 15:42 | Wind Rider |
| 16:00 | Wind Rider |
| 16:04 | Orc Burrow |
| 16:36 | War Stomp |
| 17:03 | Healing Wave |
| 17:14 | Troll Batrider |
| 17:15 | Troll Batrider |
| 17:17 | Orc Burrow |
| 19:00 | Scroll of Town Portal |
| 19:03 | Troll Batrider |
| 19:16 | Thorium Ranged Weapons |
| 19:16 | Steel Armor |
| 19:43 | Troll Batrider |
| 21:06 | Scroll of Town Portal |
| 21:36 | War Stomp |
| 21:52 | Hex |
| 21:58 | Wind Rider |
| 21:58 | Wind Rider |
| 22:07 | Feral Spirit |
| 22:13 | Lesser Clarity Potion |
| 22:13 | Lesser Clarity Potion |
| 22:14 | Potion of Mana |
| 22:14 | Potion of Mana |
| 22:17 | Peon |
| 22:26 | Healing Salve |
| 22:37 | Troll Witch Doctor |
| 22:38 | Troll Berserker |
| 22:46 | Shaman |
| 22:48 | Wind Rider |
| 22:59 | Troll Batrider |
| 23:00 | Troll Batrider |
| 23:40 | Troll Batrider |
| 23:43 | Scroll of Town Portal |
| 24:08 | Endurance Aura |
| Select group | 1513 |
| Right click | 1369 |
| Select | 511 |
| Misc. action | 200 |
| Build/train/purchase | 165 |
| Assign group | 92 |
| Use ability | 81 |
| Minimap ping | 15 |
| Item give/drop | 8 |
| Esc | 6 |



| Healing Salve | 2 | 200 |
| Lesser Clarity Potion | 5 | 350 |
| Orb of Lightning | 1 | 375 |
| Scroll of Town Portal | 4 | 1400 |
| Boots of Speed | 1 | 250 |
| Staff of Teleportation | 2 | 300 |
| Periapt of Vitality | 1 | 325 |
| Gloves of Haste | 1 | 125 |
| total: | 17 | 3325g |
| Peon | 16 | 1200 | / | 0 |
| Raider | 5 | 900 | / | 200 |
| Tauren | 6 | 1680 | / | 480 |
| Shaman | 6 | 780 | / | 120 |
| Spirit Walker | 2 | 390 | / | 70 |
| Wind Rider | 3 | 795 | / | 120 |
| Troll Batrider | 3 | 480 | / | 120 |
| Troll Witch Doctor | 1 | 145 | / | 25 |
| Mur'gul Snarecaster | 1 | 215 | / | 20 |
| total: | 43 | 6585g | / | 1155w |
| Watch Tower | 2 | 220 | / | 160 |
| Altar of Storms | 1 | 180 | / | 50 |
| Orc Burrow | 8 | 1280 | / | 320 |
| War Mill | 1 | 205 | / | 0 |
| Voodoo Lounge | 1 | 130 | / | 30 |
| Great Hall | 1 | 385 | / | 185 |
| Spirit Lodge | 1 | 150 | / | 150 |
| Tauren Totem | 1 | 135 | / | 155 |
| Beastiary | 1 | 145 | / | 140 |
| Stronghold | 1 | 315 | / | 190 |
| Fortress | 1 | 325 | / | 190 |
| total: | 17 | 2830g | / | 1190w |
| 0:04 | Peon |
| 0:04 | Peon |
| 0:11 | Altar of Storms |
| 0:19 | Orc Burrow |
| 0:28 | Peon |
| 0:40 | War Mill |
| 0:50 | Peon |
| 1:08 | Voodoo Lounge |
| 1:11 | Peon |
| 1:23 | Peon |
| 1:27 | Peon |
| 1:41 | Peon |
| 1:54 | Watch Tower |
| 2:05 | Peon |
| 2:10 | Healing Salve |
| 2:12 | Lesser Clarity Potion |
| 2:17 | Lesser Clarity Potion |
| 2:23 | Wind Walk |
| 2:31 | Watch Tower |
| 2:37 | Spiked Barricades |
| 2:40 | Peon |
| 2:46 | Peon |
| 3:10 | Orc Burrow |
| 3:58 | Stronghold |
| 4:03 | Steel Armor |
| 4:20 | Boots of Speed |
| 4:24 | Staff of Teleportation |
| 4:24 | Staff of Teleportation |
| 4:58 | Critical Strike |
| 6:19 | Fortress |
| 6:24 | Spirit Lodge |
| 6:28 | Tauren Totem |
| 6:37 | Beastiary |
| 7:38 | Orc Burrow |
| 7:43 | Shaman Adept Training |
| 7:47 | Spirit Walker Adept Training |
| 8:00 | Hex |
| 8:08 | Mur'gul Snarecaster |
| 8:27 | Ensnare |
| 8:27 | Raider |
| 8:57 | Pulverize |
| 9:29 | Tauren |
| 9:34 | Shaman Master Training |
| 9:41 | Critical Strike |
| 9:58 | War Stomp |
| 10:30 | Great Hall |
| 10:38 | Healing Wave |
| 11:11 | Shaman |
| 11:17 | Orc Burrow |
| 11:22 | Spirit Walker Master Training |
| 11:27 | Pillage |
| 12:14 | Tauren |
| 12:17 | Shaman |
| 12:18 | Raider |
| 13:13 | Peon |
| 13:13 | Peon |
| 13:13 | Peon |
| 13:15 | Peon |
| 13:16 | Peon |
| 13:19 | Tauren |
| 13:20 | Shaman |
| 13:22 | Raider |
| 13:26 | Steel Melee Weapons |
| 13:31 | Lesser Clarity Potion |
| 13:45 | Scroll of Town Portal |
| 14:05 | Spirit Walker |
| 14:19 | Orc Burrow |
| 14:23 | Envenomed Spears |
| 15:08 | Endurance Aura |
| 15:39 | Gloves of Haste |
| 17:08 | Healing Wave |
| 17:20 | Spirit Walker |
| 17:20 | Tauren |
| 17:22 | Shaman |
| 17:24 | Raider |
| 17:24 | Raider |
| 17:25 | Wind Rider |
| 17:52 | Reinforced Defenses |
| 17:53 | Steel Ranged Weapons |
| 17:56 | Shaman |
| 18:00 | Orc Burrow |
| 18:29 | Witch Doctor Adept Training |
| 18:32 | Orc Burrow |
| 18:34 | Thorium Melee Weapons |
| 18:58 | Wind Walk |
| 19:43 | Scroll of Town Portal |
| 19:47 | Periapt of Vitality |
| 20:19 | Scroll of Town Portal |
| 20:51 | Wind Rider |
| 20:52 | Troll Batrider |
| 21:08 | Orc Burrow |
| 21:09 | Shaman |
| 21:10 | Witch Doctor Master Training |
| 21:11 | Troll Witch Doctor |
| 21:14 | Orb of Lightning |
| 21:15 | Healing Salve |
| 21:15 | Lesser Clarity Potion |
| 21:22 | Scroll of Town Portal |
| 21:37 | Tauren |
| 22:00 | Endurance Aura |
| 22:28 | Wind Rider |
| 22:29 | Troll Batrider |
| 22:33 | Lesser Clarity Potion |
| 22:46 | Troll Batrider |
| 22:49 | Tauren |
| 24:09 | War Stomp |
| Right click | 523 |
| Select | 331 |
| Build/train/purchase | 125 |
| Use ability | 40 |
| Minimap ping | 4 |
| Item give/drop | 2 |
| Remove unit | 1 |

| Healing Salve | 1 | 100 |
| Potion of Mana | 1 | 200 |
| Potion of Healing | 2 | 300 |
| Orb of Lightning | 1 | 375 |
| Scroll of Town Portal | 2 | 700 |
| Staff of Teleportation | 1 | 150 |
| Potion of Lesser Invulnerability | 2 | 300 |
| Cloak of Flames | 1 | 500 |
| total: | 11 | 2625g |
| Peon | 10 | 750 | / | 0 |
| Troll Witch Doctor | 2 | 290 | / | 50 |
| Shaman | 2 | 260 | / | 40 |
| Wind Rider | 6 | 1590 | / | 240 |
| total: | 20 | 2890g | / | 330w |
| Watch Tower | 22 | 2420 | / | 1760 |
| Altar of Storms | 1 | 180 | / | 50 |
| Orc Burrow | 6 | 960 | / | 240 |
| War Mill | 2 | 410 | / | 0 |
| Voodoo Lounge | 1 | 130 | / | 30 |
| Spirit Lodge | 1 | 150 | / | 150 |
| Beastiary | 2 | 290 | / | 280 |
| Stronghold | 1 | 315 | / | 190 |
| Fortress | 1 | 325 | / | 190 |
| total: | 35 | 4540g | / | 2510w |
| 0:10 | Peon |
| 0:10 | Peon |
| 0:10 | Peon |
| 0:25 | Altar of Storms |
| 0:30 | Orc Burrow |
| 0:51 | War Mill |
| 0:54 | Peon |
| 1:07 | Voodoo Lounge |
| 1:12 | Peon |
| 1:32 | Peon |
| 1:33 | Peon |
| 1:36 | Peon |
| 2:14 | Peon |
| 2:14 | Peon |
| 2:27 | Wind Walk |
| 2:28 | Healing Salve |
| 2:37 | Watch Tower |
| 2:41 | Watch Tower |
| 2:46 | Spiked Barricades |
| 3:14 | Watch Tower |
| 3:20 | Watch Tower |
| 3:44 | Watch Tower |
| 3:54 | Watch Tower |
| 4:25 | Stronghold |
| 4:31 | Critical Strike |
| 5:02 | Watch Tower |
| 5:08 | Watch Tower |
| 5:13 | Orc Burrow |
| 5:50 | Staff of Teleportation |
| 6:05 | Watch Tower |
| 6:10 | Watch Tower |
| 7:10 | Reinforced Defenses |
| 7:15 | Spirit Lodge |
| 7:18 | Fortress |
| 7:54 | Watch Tower |
| 7:57 | Watch Tower |
| 8:02 | Watch Tower |
| 8:25 | Wind Walk |
| 8:53 | Watch Tower |
| 8:55 | Witch Doctor Adept Training |
| 8:57 | Troll Witch Doctor |
| 8:57 | Troll Witch Doctor |
| 9:58 | Witch Doctor Master Training |
| 10:15 | Watch Tower |
| 10:18 | Watch Tower |
| 12:08 | Potion of Mana |
| 12:12 | Potion of Healing |
| 12:16 | Potion of Healing |
| 12:23 | Watch Tower |
| 12:28 | Watch Tower |
| 13:01 | Shaman Adept Training |
| 13:02 | Shaman |
| 13:02 | Shaman |
| 13:12 | Improved Spiked Barricades |
| 14:03 | Potion of Lesser Invulnerability |
| 14:22 | Shaman Master Training |
| 14:29 | Watch Tower |
| 14:31 | Watch Tower |
| 16:42 | Watch Tower |
| 16:46 | Watch Tower |
| 17:20 | Critical Strike |
| 17:46 | Potion of Lesser Invulnerability |
| 18:20 | War Mill |
| 20:31 | Beastiary |
| 20:36 | Beastiary |
| 20:42 | Orc Burrow |
| 20:46 | Orc Burrow |
| 21:16 | Scroll of Town Portal |
| 21:23 | Orb of Lightning |
| 21:47 | Envenomed Spears |
| 21:49 | Wind Rider |
| 21:57 | Orc Burrow |
| 22:02 | Scroll of Town Portal |
| 22:31 | Wind Rider |
| 22:31 | Wind Rider |
| 22:33 | Wind Rider |
| 22:39 | Steel Armor |
| 22:41 | Steel Ranged Weapons |
| 23:18 | Cloak of Flames |
| 24:07 | Orc Burrow |
| 24:10 | Wind Rider |
| 24:11 | Wind Rider |
| 24:13 | Thorium Ranged Weapons |
| 24:15 | Thorium Armor |
| Right click | 351 |
| Select | 157 |
| Build/train/purchase | 73 |
| Use ability | 13 |
| Item give/drop | 5 |
⇛